Map: Blueshift LE

Players

ShoWTimE - Winner!

  • Race: Protoss Protoss
  • League: Grandmaster
  • Spawn Location: 1:00

Reynor

  • Race: Zerg Zerg
  • League: Grandmaster
  • Spawn Location: 7:00

Event: IEM Season 13 - Katowice Server Qualifiers Europe

VOD

Have the link to the VOD?

Description

Time

  • Played on: Jan. 8, 2019, 12:40 p.m.
  • Length: 8:16

All games in this series

Show
View Real Time Build Order
Export as new Build Order

ShoWTimE Protoss - Winner!

Build Orders: 1 Gate Expand, Phoenix Opening 

Get SALT Encoding   

  12  0:00  Probe  
  13  0:13  Probe  
  14  0:17  Pylon  
  14  0:24  Probe  
  15  0:32  Probe  
  15  0:39  Gateway  
  15  0:40  Probe  
  16  0:46  Assimilator  
  17  0:51  Probe  
  18  1:03  Probe  
  19  1:15  Probe  
  20  1:23  Nexus  
  20  1:34  Cybernetics Core  
  20  1:35  Probe  
  21  1:40  Assimilator  
  22  1:47  Probe  
  22  1:50  Pylon  
  22  1:59  Probe  
  23  2:01  Adept  
  23  2:11  Probe  
  26  2:18  Stalker  
  26  2:21  Warp Gate  
  26  2:23  Probe  
  29  2:32  Robotics Facility, Probe  
  29  2:35  Probe  
  31  2:40  Probe  
  31  2:47  Probe  
  31  2:48  Sentry  
  31  2:50  Probe  
  36  2:59  Probe  
  36  3:02  Probe  
  36  3:03  Pylon  
  38  3:11  Probe  
  38  3:12  Warp Prism  
  39  3:14  Sentry, Probe  
  42  3:20  Gateway  
  42  3:23  Probe  
  45  3:28  Probe  
  46  3:34  Assimilator  
  46  3:35  Phoenix  
  46  3:36  Probe  
  46  3:38  Assimilator  
  46  3:39  Pylon  
  46  3:40  Probe, Immortal  
  48  3:48  Probe  
  49  3:53  Probe  
  54  3:55  Pylon  
  54  4:00  Probe  
  55  4:05  Probe  
  56  4:10  Immortal  
  56  4:12  Probe  
  56  4:16  Gateway, Phoenix  
  57  4:22  Gateway  
  61  4:31  Gateway  
  61  4:34  Sentry x2  
  61  4:37  Pylon  
  65  4:40  Immortal  
  65  4:52  Gateway  
  69  5:02  Gateway  
  69  5:04  Sentry x2, Gateway  
  69  5:05  Pylon  
  73  5:14  Sentry  
  73  5:16  Pylon  
  73  5:19  Observer  
  76  5:21  Sentry  
  78  5:29  Zealot  
  78  5:32  Pylon  
  78  5:35  Pylon  
  80  5:37  Sentry x2, Stalker  
  80  5:42  Pylon  
  86  5:57  Zealot x4  
  86  6:01  Sentry  
  86  6:02  Sentry x2, Zealot  
  100  6:08  Pylon  
  96  6:16  Sentry  
  96  6:18  Zealot x3  
  100  6:22  Sentry  
  100  6:24  Zealot  
  100  6:25  Stalker  
  106  6:32  Zealot  
  100  6:35  Zealot  
  86  6:49  Stalker x5  
  92  6:58  Sentry  
  92  6:59  Zealot x2  
  90  7:14  Zealot x2  
  90  7:15  Zealot x3  
  100  7:20  Zealot x2  
  104  7:33  Shield Battery  
  104  7:35  Adept  
  106  7:37  Sentry x3  
  106  7:42  Zealot x2  
  112  7:59  Stalker x3  
  112  8:02  Zealot x2  
  116  8:05  Zealot  
  116  8:07  Sentry x2  
Show
View Real Time Build Order
Export as new Build Order

Reynor Zerg 

Build Orders: Hatch First 

Get SALT Encoding   

  12  0:00  Drone  
  13  0:12  Overlord  
  13  0:16  Drone  
  14  0:30  Drone  
  14  0:31  Drone  
  16  0:48  Hatchery  
  15  0:51  Drone  
  15  0:55  Drone  
  17  0:58  Drone  
  18  1:09  Extractor  
  17  1:15  Spawning Pool  
  17  1:17  Drone  
  17  1:22  Drone  
  18  1:29  Drone  
  19  1:38  Drone  
  20  1:49  Overlord  
  20  2:02  Zergling x4  
  20  2:03  Queen x2  
  26  2:11  Drone x2  
  28  2:18  Metabolic Boost  
  28  2:21  Drone  
  28  2:22  Drone  
  30  2:39  Hatchery  
  30  2:41  Drone  
  30  2:45  Drone  
  30  2:50  Queen  
  33  2:54  Zergling x2  
  33  2:57  Overlord  
  34  3:00  Drone  
  34  3:04  Drone  
  36  3:08  Overlord  
  36  3:17  Drone x5  
  41  3:23  Overlord  
  41  3:26  Queen  
  41  3:29  Drone  
  44  3:36  Zergling x2  
  44  3:37  Zergling x2  
  46  3:43  Overlord  
  46  3:46  Drone x3  
  49  3:49  Queen  
  49  3:50  Drone  
  52  3:57  Overlord  
  52  3:58  Queen  
  52  4:01  Drone  
  55  4:03  Drone  
  55  4:05  Drone  
  55  4:09  Overlord  
  57  4:10  Drone  
  57  4:11  Drone  
  59  4:17  Overlord  
  59  4:18  Drone x2  
  59  4:22  Queen  
  63  4:28  Drone x2  
  63  4:30  Extractor  
  64  4:33  Roach Warren  
  64  4:35  Drone  
  64  4:37  Extractor  
  62  4:38  Drone x2  
  62  4:42  Zergling x6  
  62  4:44  Overlord  
  67  4:52  Zergling x4  
  69  4:54  Drone  
  69  4:55  Overlord  
  70  5:01  Drone  
  71  5:09  Drone x3  
  71  5:10  Overlord  
  71  5:13  Roach x5  
  84  5:16  Roach  
  84  5:17  Roach  
  84  5:18  Overlord  
  84  5:20  Roach  
  89  5:25  Roach x2  
  93  5:32  Zergling x2  
  93  5:33  Zergling x8  
  93  5:34  Ravager x3  
  101  5:39  Ravager  
  101  5:40  Zergling x8  
  106  5:43  Zergling x4  
  106  5:48  Ravager  
  106  5:49  Zergling x6  
  112  5:53  Zergling x4  
  113  6:04  Roach x2, Zergling x2  
  112  6:10  Zergling x6  
  110  6:12  Roach x2  
  110  6:17  Ravager  
  110  6:18  Overlord x3  
  114  6:23  Overlord  
  107  6:36  Roach x2, Zergling x4  
  96  6:42  Zergling x2  
  96  6:44  Queen  
  96  6:45  Queen  
  87  6:47  Roach x2  
  87  6:49  Zergling x2  
  88  6:55  Zergling x2  
  88  6:56  Zergling x4  
  88  6:57  Roach  
  88  7:01  Roach x2  
  84  7:03  Zergling x6  
  84  7:06  Ravager  
  80  7:08  Roach  
  80  7:09  Ravager  
  80  7:10  Roach  
  80  7:11  Extractor  
  80  7:12  Ravager  
  85  7:16  Ravager  
  85  7:19  Zergling x2  
  85  7:21  Queen  
  89  7:22  Roach  
  89  7:26  Spine Crawler  
  89  7:29  Overlord  
  86  7:32  Roach Warren, Overlord  
  85  7:43  Overlord  
  85  7:49  Overlord  
  84  7:55  Zergling x2  

Tags
 
Add a new tag
Caveats
  • Supply blocks, unpowered buildings, or Contaminate may cause inaccurate times.
  • Supply counts are checked every 10 seconds.